 Dungeon Crawl Stone Soup version 0.30-a0-852-g08b95dd62f (webtiles) character file.

Game seed: 17256722840487227252

15199 ragingrage the Fencer (level 11, -9/79 (85) HPs)
             Began as a Demonspawn Delver on Mar 4, 2023.
             Was an Elder of Ashenzari.
             Killed from afar by Josephine (24 damage)
             ... with a ghostly fireball
             ... on level 10 of the Dungeon.
             The game lasted 00:24:04 (13732 turns).

ragingrage the Fencer (Demonspawn Delver)          Turns: 13732, Time: 00:24:05

HP:   -9/79 (85)    AC: 12    Str: 12    XL:     11   Next: 98%
MP:   26/32         EV: 13    Int: 14    God:    Ashenzari [****..]
Gold: 655           SH:  0    Dex: 17    Spells: 5/14 levels left

rFire   + + .      SeeInvis +    a - +4 great sword of Victory {speed, rF++}
rCold   . . .      Faith    .    (shield currently unavailable)
rNeg    . . .      Spirit   .    c - +2 leather armour "Revealing Chagrin" {Will+, Self, Bglg} (curse)
rPois   .          Reflect  .    (helmet restricted)
rElec   .          Rampage  .    (no cloak)
rCorr   .          Clarity  +    m - +2 pair of gloves of the Ensconced Comet {Stlth+, Alch, Cun} (curse)
Will    +....                    I - +0 pair of boots "I Knew You'd Do That" {Fly, Evo, Range} (curse)
Stlth   ++++                     U - amulet "Bitterness of Ashenzari" {Acrobat, Comp, Melee} (curse)
HPRegen 0.33/turn                y - ring "Gaze Upon Infinity" {MP+9, Range, Cun} (curse)
MPRegen 0.23/turn                S - ring "Tethered Idealism" {MP+9, Bglg, Comp} (curse)

@: radiating poison, flying, very slightly contaminated, slowed, drained, very
slow
A: horns 2, yellow scales 2, powered by pain 1, robust 1, demonic magic 1
a: Renounce Religion, Shatter the Chains


You were on level 10 of the Dungeon.
You worshipped Ashenzari.
Ashenzari was greatly pleased with you.
You visited 2 branches of the dungeon, and saw 11 of its levels.
You also visited: Bailey.

You collected 1304 gold pieces.
You spent 649 gold pieces at shops.

Inventory:

Hand Weapons
 a - the +4 great sword of Victory (weapon) {speed, rF++}
   (You bought it in a shop on level 1 of the Dungeon)

   rF:        It greatly protects you from fire.
 b - a +3 dagger
 G - a +1 sling of flaming
 W - the +9 arbalest "Aticky" {elec, rPois rCorr}
   (You found it on level 10 of the Dungeon)

   rPois:     It protects you from poison.
   rCorr:     It protects you from acid and corrosion.
Missiles
 w - 21 poisoned darts
 J - 3 silver javelins
 R - a boomerang of dispersal
 T - a curare-tipped dart
Armour
 c - the cursed +2 leather armour "Revealing Chagrin" (worn) {Will+, Self, Bglg}
   (You found it on level 10 of the Dungeon)

   It has a curse which improves the following skills: Introspection: Fighting
   and Spellcasting.
   Beguiling: Conjurations, Hexes and Translocations.
 m - the cursed +2 pair of gloves of the Ensconced Comet (worn) {Stlth+, Alch, Cun}
   (You found it in a bailey)

   It has a curse which improves the following skills: Alchemy: Poison Magic and
   Transmutations.
   Cunning:   Dodging and Stealth.
 I - the cursed +0 pair of boots "I Knew You'd Do That" (worn) {Fly, Evo, Range}
   (You found it in a bailey)

   It has a curse which improves the following skills: Evocations: Evocations.
   Ranged Combat: Ranged Weapons and Throwing.
 L - a +2 robe of cold resistance
 P - a +3 leather armour of fire resistance
Jewellery
 y - the cursed ring "Gaze Upon Infinity" (left hand) {MP+9, Range, Cun}
   (You found it on level 4 of the Dungeon)

   [ring of magical power]

   MP:        It affects your magic capacity (+9).
   It has a curse which improves the following skills: Ranged Combat: Ranged
   Weapons and Throwing.
   Cunning:   Dodging and Stealth.
 H - a ring of resist corrosion
 S - the cursed ring "Tethered Idealism" (right hand) {MP+9, Bglg, Comp}
   (You found it on level 8 of the Dungeon)

   [ring of magical power]

   MP:        It affects your magic capacity (+9).
   It has a curse which improves the following skills: Beguiling: Conjurations,
   Hexes and Translocations.
   Companions: Summonings and Necromancy.
 U - the cursed amulet "Bitterness of Ashenzari" (around neck) {Acrobat, Comp, Melee}
   (You found it on level 10 of the Dungeon)

   [amulet of the acrobat]

   It increases your evasion while moving and waiting.
   It has a curse which improves the following skills: Companions: Summonings
   and Necromancy.
   Melee Combat: Short Blades, Long Blades, Axes, Maces & Flails, Polearms,
   Staves and Unarmed Combat.
Wands
 f - a wand of paralysis (1)
 g - a wand of digging (3)
 i - a wand of mindburst (3)
 B - a wand of flame (54)
 D - a wand of iceblast (3)
 K - a wand of quicksilver (11)
Scrolls
 d - 5 scrolls of magic mapping
 e - 5 scrolls of fear
 h - 2 scrolls of noise
 j - 4 scrolls of fog
 o - 5 scrolls of teleportation
 r - a scroll of poison
 s - a scroll of torment
 x - 2 scrolls of brand weapon
 F - 3 scrolls of blinking
 M - a scroll of summoning
 N - a scroll of enchant weapon
 O - 3 scrolls of enchant armour
Potions
 k - 3 potions of haste
 l - 2 potions of ambrosia
 n - a potion of degeneration
 p - a potion of heal wounds
 q - a potion of brilliance
 t - 5 potions of flight
 u - 4 potions of mutation
 v - 2 potions of might
 z - 2 potions of magic
 A - 2 potions of invisibility
 C - a potion of lignification
 E - a potion of curing
 Q - a potion of berserk rage


   Skills:
 - Level 3.0(4.7) Fighting
 + Level 15.6(17.5) Long Blades
 - Level 1.7(3.8) Dodging
 - Level 4.5(7.3) Stealth
 + Level 1.0(2.1) Spellcasting
 - Level 2.0(3.5) Transmutations
 + Level 7.9(9.9) Poison Magic
 - Level 4.0(5.8) Evocations


You had 5 spell levels left.
You knew the following spells:

 Your Spells              Type           Power      Damage    Failure   Level
a - Blink                 Tloc           4%         N/A       36%         2
b - Sting                 Tmut/Pois      80%        1d7       1%          1
c - Poisonous Vapours     Pois/Air       30%        N/A       6%          2
d - Olgreb's Toxic Radia  Pois           29%        N/A       4%          4

Your spell library contained the following spells:

 Spells                   Type           Power      Damage    Failure   Level
 Cigotuvi's Dreadful Rot  Necr/Pois/Air  22%        N/A       11%         2
 Mephitic Cloud           Conj/Pois/Air  11%        N/A       22%         3
 Lesser Beckoning         Tloc           4%         N/A       36%         2
 Momentum Strike          Conj/Tloc      4%         3d8       36%         2
 Summon Guardian Golem    Hex/Summ       2%         N/A       58%         3
 Manifold Assault         Tloc           2%         N/A       94%         4
 Dispersal                Tloc           1%         N/A       100%        6
 Orb of Destruction       Conj           1%         9d5       100%        7
 Spellforged Servitor     Conj/Summ      1%         N/A       100%        7
 Disjunction              Tloc           1%         N/A       100%        8


Dungeon Overview and Level Annotations

Branches:
Dungeon (10/15)            Temple (1/1) D:6            Lair (0/5) D:10
 Bailey (visited)
    Orc: D:9-12

Altars:
Ashenzari
Cheibriados
Dithmenos
Fedhas
Gozag
Hepliaklqana
Kikubaaqudgha
Makhleb
Nemelex Xobeh
Okawaru
Qazlal
Ru
Sif Muna
Trog
Uskayaw
Vehumet
Wu Jian
Xom
Yredelemnul

Shops:
D:1 *(*:   D:5 ?

Annotations:
D:6 3 runed translucent doors, bakla's ghost, novice OpHu
D:9 1 runed translucent door
D:10 Josephine


Innate Abilities, Weirdness & Mutations

You have a pair of horns on your head.
You are mostly covered in yellow scales. (AC +3)
You sometimes gain a little power by taking damage.
You are robust. (+10% HP)
Spells you cast may paralyse adjacent enemies.


Message History

Josephine closely misses you.
Casting: Olgreb's Toxic Radiance (dangerous; 4% risk of failure)
Your toxic radiance grows in intensity.
Josephine looks even sicker.
Malevolent energies surge around you.
Josephine looks as sick as possible!
Josephine hits you with a +0 dagger. The wraith hits you.
Casting: Olgreb's Toxic Radiance (dangerous; 4% risk of failure)
Your toxic radiance grows in intensity.
Malevolent energies surge around you.
Josephine looks as sick as possible!
Josephine hits you with a +0 dagger. The wraith barely misses you.
The wraith hits you!
Casting: Olgreb's Toxic Radiance (dangerous; 4% risk of failure)
You miscast Olgreb's Toxic Radiance.
You are very lightly contaminated with residual magic.
Nothing appears to happen.
Josephine points at you and mumbles some strange words.
The ghostly flame explodes!
The ghostly fireball engulfs you!
You feel drained.
The ghostly fireball engulfs the wraith.
The wraith completely resists.
The ghostly fireball engulfs the wraith.
The wraith completely resists.
The ghostly fireball engulfs Josephine.
Josephine completely resists.
The wraith hits you! The wraith drains your vigour!
You feel yourself slow down. The wraith hits you.
You slice Josephine!! Josephine hits you but does no damage.
The wraith hits you but does no damage. x2
You closely miss Josephine. Josephine hits you but does no damage.
The wraith barely misses you. The wraith hits you.
The wraith drains your vigour!
You feel as though you will be slow longer.
You slash Josephine! You headbutt Josephine.
Josephine looks as sick as possible!
Josephine draws life force from you!
* * * LOW HITPOINT WARNING * * *
You focus on the pain.
You feel your power returning.
Josephine is healed by the life force!
The wraith hits you.
* * * LOW HITPOINT WARNING * * *
The wraith misses you.
You slash Josephine!
Josephine points at you and mumbles some strange words.
The ghostly flame explodes!
The ghostly fireball engulfs you!!
You feel drained.
You die...

#..................#
#..................#
#...#####..!.......#
#...#, ,#..........#
#...#,, #......)...#
#.>.# , #..........#####
#...# , #...............
#...###+#...............
#......@W..............[
#......W@.>..###########
####.........#
#.........# #.........#
###########


You could see Josephine (extremely poisoned) and 2 wraiths.

Vanquished Creatures
  A centaur warrior (D:10)
  2 two-headed ogres (D:10)
  Pikel (D:7)
  A cyclops (D:10)
  Joseph (D:7)
  2 kobold demonologists (D:10)
  6 komodo dragons (D:10)
  Grinder (D:4)
  A hornet (D:9)
  Prince Ribbit (D:7)
  Sigmund (D:4)
  20 yaks
  A wraith (D:10)
  4 wyverns
  A vampire (D:10)
  3 steam dragons
  2 acid dragons
  Edmund (D:4)
  2 water moccasins
  Duvessa (D:7)
  9 orc warriors
  A sky beast (D:6)
  An ice beast (D:7)
  3 black bears
  8 centaurs
  2 lemures
  A phantom (D:3)
  3 kobold brigands
  5 bullfrogs
  A gnoll sergeant (D:7)
  A scorpion (D:5)
  19 wights
  Dowan (D:7)
  A killer bee (D:9)
  2 jellies
  3 hounds
  10 orc priests
  3 iguanas
  Jessica (D:2)
  A sleepcap (D:6)
  Ijyb (D:4)
  2 orc wizards
  7 gnolls
  12 adders
  2 shadow imps (D:7)
  A white imp (D:5)
  2 ufetubi
  4 worms
  3 dart slugs
  36 orcs
  5 ball pythons
  6 bats
  10 endoplasms
  3 giant cockroaches
  8 goblins
  8 hobgoblins
  6 jackals
  4 quokkas
  4 frilled lizards
  28 kobolds
  7 rats
288 creatures vanquished.

Notes
Turn   | Place    | Note
-------+----------+-------------------------------------------
     0 | D:5      | ragingrage the Demonspawn Delver began the quest for the
                  | Orb.
     0 | D:5      | Reached XP level 1. HP: 18/18 MP: 1/1
    10 | D:4      | Noticed Ijyb
    10 | D:4      | Noticed Edmund
    22 | D:5      | Noticed an iguana
    36 | D:5      | Noticed a hound
    53 | D:5      | Killed a hound
    54 | D:5      | Reached skill level 3 in Long Blades
    54 | D:5      | Gained mutation: You have a pair of small horns on your
                  | head. [demonic ancestry]
    54 | D:5      | Reached XP level 2. HP: 9/24 MP: 2/2
    54 | D:5      | Reached XP level 3. HP: 11/29 MP: 3/3
   265 | D:5      | Noticed a scorpion
   270 | D:5      | Killed a scorpion
   271 | D:5      | Reached skill level 4 in Long Blades
   271 | D:5      | Reached XP level 4. HP: 35/35 MP: 4/4
   287 | D:5      | Noticed a black bear
   431 | D:5      | Noticed a water moccasin
   438 | D:5      | Killed a water moccasin
   439 | D:5      | Reached skill level 5 in Long Blades
   439 | D:5      | Reached XP level 5. HP: 41/41 MP: 5/5
   576 | D:5      | Found Bod Utza's Magic Scroll Emporium.
   715 | D:5      | Noticed a centaur
   722 | D:5      | Killed a centaur
   723 | D:5      | Gained mutation: You are partially covered in yellow
                  | scales. (AC +2) [demonic ancestry]
   723 | D:5      | Reached XP level 6. HP: 35/47 MP: 6/6
   922 | D:3      | Reached skill level 6 in Long Blades
  1251 | D:1      | Found Utois's Assorted Antiques.
  1253 | D:1      | Bought a scroll labelled LYC DAITISU for 32 gold pieces
  1285 | D:1      | Found Ocusus's Assorted Antiques.
  1343 | D:1      | Learned a level 2 spell: Blink
  1406 | D:1      | Found Vuset Vesm's Book Shoppe.
  1454 | D:1      | Found Kuik Kuhopp's Antique Weapon Boutique.
  1941 | D:1      | Found a faded altar of an unknown god.
  2541 | D:2      | Noticed Jessica
  2555 | D:2      | Killed Jessica
  2569 | D:2      | Reached skill level 7 in Long Blades
  2569 | D:2      | Gained mutation: You have a pair of horns on your head.
                  | [demonic ancestry]
  2569 | D:2      | Reached XP level 7. HP: 52/52 MP: 7/7
  3613 | D:4      | Noticed Grinder
  3635 | D:4      | Killed Grinder
  3636 | D:4      | Reached skill level 8 in Long Blades
  4166 | D:4      | Noticed Sigmund
  4379 | D:3      | Gained mutation: Spells you cast may paralyse adjacent
                  | enemies. [demonic ancestry]
  4379 | D:3      | Reached XP level 8. HP: 56/58 MP: 8/8
  4844 | D:4      | Killed Sigmund
  4845 | D:4      | Reached skill level 9 in Long Blades
  5389 | D:6      | Reached skill level 10 in Long Blades
  5494 | D:6      | Found a staircase to the Ecumenical Temple.
  5507 | Temple   | Entered the Ecumenical Temple
  5778 | Temple   | Learned a level 1 spell: Sting
  5799 | Temple   | Became a worshipper of Ashenzari the Shackled
  6073 | D:6      | Reached skill level 1 in Poison Magic
  6073 | D:6      | Reached skill level 1 in Evocations
  6234 | D:6      | Found a runed translucent gate.
  6234 | D:6      | Found a runed translucent gate.
  6234 | D:6      | Found a runed translucent gate.
  6236 | D:6      | Noticed bakla's ghost (novice OpHu)
  6712 | D:7      | Noticed Dowan
  6726 | D:7      | Noticed Duvessa
  6747 | D:7      | Killed Duvessa
  6753 | D:7      | Killed Dowan
  6754 | D:7      | Gained mutation: You are mostly covered in yellow scales.
                  | (AC +3) [demonic ancestry]
  6754 | D:7      | Reached XP level 9. HP: 38/63 MP: 9/9
  6769 | D:7      | Found a flagged portal.
  6920 | D:7      | Noticed Joseph
  6943 | D:7      | Killed Joseph
  7051 | Bailey   | Entered a bailey
  7150 | Bailey   | Learned a level 2 spell: Poisonous Vapours
  7538 | Bailey   | Reached skill level 11 in Long Blades
  7542 | Bailey   | Reached skill level 1 in Transmutations
  7860 | D:7      | Noticed Pikel
  8401 | D:7      | Killed Pikel
  8402 | D:7      | Reached skill level 5 in Poison Magic
  8590 | D:1      | Bought a bone great sword for 287 gold pieces
  8590 | D:1      | Identified the +4 great sword of Victory {speed, rF++} (You
                  | bought it in a shop on level 1 of the Dungeon)
  8755 | D:5      | Bought a scroll of summoning for 133 gold pieces
  8755 | D:5      | Bought a scroll of enchant weapon for 105 gold pieces
  8906 | D:1      | Bought a black potion for 28 gold pieces
  8906 | D:1      | Bought a scroll labelled SEZEBESEAT for 32 gold pieces
  8906 | D:1      | Bought a scroll labelled QEFINYGAEKH for 32 gold pieces
  9002 | D:4      | Killed Ijyb
  9013 | D:4      | Killed Edmund
  9014 | D:4      | Gained mutation: You sometimes gain a little power by
                  | taking damage. [demonic ancestry]
  9014 | D:4      | Reached XP level 10. HP: 35/70 MP: 10/10
  9385 | D:7      | Reached * piety under Ashenzari
  9682 | D:7      | Learned a level 4 spell: Olgreb's Toxic Radiance
  9894 | D:7      | Noticed Prince Ribbit
  9905 | D:7      | Killed Prince Ribbit
 10127 | D:8      | Reached skill level 12 in Long Blades
 10373 | D:8      | Reached ** piety under Ashenzari
 11335 | D:9      | Identified the cursed +2 pair of gloves of the Ensconced
                  | Comet {Stlth+, Alch, Cun} (You found it in a bailey)
 11335 | D:9      | Identified the cursed +0 pair of boots "I Knew You'd Do
                  | That" {Fly, Evo, Range} (You found it in a bailey)
 11335 | D:9      | Identified the cursed ring "Gaze Upon Infinity" {MP+9,
                  | Range, Cun} (You found it on level 4 of the Dungeon)
 11339 | D:10     | Entered Level 10 of the Dungeon
 11370 | D:10     | Reached skill level 13 in Long Blades
 11596 | D:9      | Noticed a sixfirhy
 11602 | D:9      | Found a runed translucent door.
 11649 | D:9      | Gained mutation: You are robust. (+10% HP) [demonic
                  | ancestry]
 11649 | D:9      | Reached XP level 11. HP: 58/82 MP: 11/11
 11834 | D:9      | Found a snail-covered altar of Cheibriados.
 11979 | D:9      | Found a blossoming altar of Fedhas.
 11981 | D:9      | Found a shadowy altar of Dithmenos.
 12342 | D:10     | Noticed a two-headed ogre
 12346 | D:10     | Killed a two-headed ogre
 12520 | D:10     | Reached *** piety under Ashenzari
 12540 | D:10     | Noticed a two-headed ogre
 12551 | D:10     | Reached skill level 14 in Long Blades
 12600 | D:10     | Killed a two-headed ogre
 12615 | D:10     | Noticed a centaur warrior
 12630 | D:10     | Killed a centaur warrior
 12676 | D:10     | Identified the +9 arbalest "Aticky" {elec, rPois rCorr}
 12762 | D:10     | Reached skill level 15 in Long Blades
 13145 | D:10     | Identified the +2 quarterstaff "Newt's Demise" {venom, rF+
                  | MP+9 SInv}
 13150 | D:10     | Noticed Josephine
 13562 | D:10     | Found a staircase to the Lair.
 13576 | D:10     | Reached **** piety under Ashenzari
 13719 | D:10     | Reached skill level 1 in Spellcasting
 13732 | D:10     | Killed from afar by Josephine

Illustrated notes

Levels and vault maps discovered:
D:1:      dpeg_arrival_round_c, layout_basic, serial_shops, nicolae_square_shop,
          shop, shop, shop, shapermc_ecumenical_altar_mp_highgroup,
          minmay_liquid_box
D:2:      layout_basic, minmay_cut_off, uniq_jessica
D:3:      minmay_angry_zag, layout_basic, kennysheep_pointless_box
D:4:      layout_loops_corners, uniq_ijyb, uniq_grinder, uniq_edmund,
          uniq_sigmund
D:5:      layout_basic, serial_shops, shop
D:6:      nicolae_cairo_tiling_very_big, layout_gridville,
          minmay_temple_entry_nine_rooms, ebering_ghost_rock_garden
D:7:      layout_basic, mainiacjoe_overflow_paths, enter_bailey_2,
          uniq_prince_ribbit1, uniq_duvessa, uniq_pikel, uniq_joseph
D:8:      layout_basic
D:9:      cheibrodos_shockbox, layout_small_grid, jmf_multi_god_temple,
          cheibrodos_worm_habitat, nrook_mini_vaults, minmay_increasing_density
D:10:     minmay_ornate_pinched, layout_irregular_city, erik_lair_dragon,
          uniq_josephine
Temple:   regret_index_temple_mists

Skill      XL: |  1  2  3  4  5  6  7  8  9 10 11 |
---------------+----------------------------------+-----
Long Blades    | 3 4 5 7 8 10 11 13 15 | 15.6
Poison Magic   | 2 5 7 |  7.9
Evocations     | 2 4 |  4.0
Transmutations | 2 |  2.0
Spellcasting   | 1 |  1.0
Fighting       | |  3.0
Dodging        | |  1.7
Stealth        | |  4.5

Action                     |  1- 3 |  4- 6 |  7- 9 | 10-12 || total
---------------------------+-------+-------+-------+-------++-------
  Melee: Falchion          |    15 |   162 |   325 |       ||   502
         Punch             |     1 |     1 |     7 |       ||     9
         Headbutt          |     1 |    28 |    69 |    47 ||   145
         Short sword       |       |     3 |       |       ||     3
         Dagger            |       |       |     7 |    19 ||    26
         Great sword       |       |       |    28 |   231 ||   259
   Fire: Shortbow          |       |     6 |    65 |       ||    71
   Cast: Sting             |       |       |    53 |     3 ||    56
         Poisonous Vapours |       |       |     1 |       ||     1
         Olgreb's Toxic Ra |       |       |       |    27 ||    27
 Invoke: Curse Item        |       |       |     1 |     5 ||     6
  Evoke: Wand              |     3 |     3 |     6 |     5 ||    17
    Use: Potion            |     1 |       |     4 |     2 ||     7
         Scroll            |       |       |     5 |       ||     5
   Stab: Paralysed         |       |     2 |    13 |    16 ||    31
         Sleeping          |       |    10 |     7 |    14 ||    31
         Distracted        |       |       |       |     2 ||     2
 Armour: Leather armour    |     3 |    49 |    80 |    45 ||   177
         Ring mail         |       |       |    28 |    19 ||    47
         Skin              |       |       |       |     1 ||     1
  Dodge: Dodged            |     8 |   101 |   196 |   126 ||   431

Table legend: (Time is in decaauts)
 A = Elapsed time spent in this place.
 B = Non-inter-level travel time spent in this place.
 C = Inter-level travel time spent in this place.
 D = Time resting spent in this place.
 E = Time spent auto-exploring this place.
 F = Levels seen in this place.
 G = Mean time per level.
                   A        B        C        D        E       F      G
               +--------+--------+--------+--------+--------+-----+--------+
         Total |  13604 |  12526 |   1078 |   3000 |   6817 |  12 | 1133.7 |
       Dungeon |  12481 |  11450 |   1031 |   2646 |   6462 |  10 | 1248.1 |
        Temple |    368 |    321 |     47 |    100 |    197 |   1 |  368.0 |
        Bailey |    754 |    754 |      0 |    254 |    157 |   1 |  754.0 |
               +--------+--------+--------+--------+--------+-----+--------+

Top non-repeatable levels by time:
     D:4: 1638 daAuts
     D:9: 1534 daAuts
    D:10: 1515 daAuts
     D:6: 1497 daAuts
     D:5: 1449 daAuts
     D:7: 1345 daAuts
     D:3: 1105 daAuts
     D:1: 972 daAuts
     D:2: 849 daAuts
  Bailey: 754 daAuts
     D:8: 572 daAuts
  Temple: 368 daAuts
